 Dungeon Sprint DCSS version 0.27-a0-899-ge2d0b17c59 (webtiles) character file.

Game seed: 12652296471720671342

30370 mhtbhm the Peltast (level 13, -1/139 HPs)
             Began as a Minotaur Fighter on Apr 5, 2021.
             Was an Initiate of Gozag.
             Slain by an anaconda (12 damage)
             ... in the Dungeon (Sprint IX: "|||||||||||||||||||||||||||||").
             The game lasted 00:08:00 (4153 turns).

mhtbhm the Peltast (Minotaur Fighter)               Turns: 4153, Time: 00:08:00

Health: -1/139     AC: 22    Str: 24    XL:     13   Next: 20%
Magic:  12/12      EV: 12    Int:  5    God:    Gozag
Gold:   9366       SH: 16    Dex: 15    Spells: 12/12 levels left

rFire    . . .     SeeInvis +   a - +1 flail (venom)
rCold    + . .     Faith    .   c - +0 kite shield
rNeg     . . .     Spirit   .   b - +2 swamp dragon scales
rPois    +         Reflect  .   v - +0 mask of the Dragon {Will+ Slay+3 SInv}
rElec    .         Harm     .   n - +2 cloak {rCorr}
rCorr    +         Rampage  .   G - +1 pair of gloves
Will     +....     NoTele   +   m - +0 pair of boots
Stlth    +++.......             (no amulet)
HPRegen  0.33/turn              B - ring of protection from cold
MPRegen  0.13/turn              p - +3 ring of dexterity

@: weakened, gold aura, constricted
A: horns 2, retaliatory headbutt
a: Renounce Religion, Potion Petition, Call Merchant, Bribe Branch


You were in the Dungeon.
You worshipped Gozag.
Gozag was greatly pleased with you.
You visited 1 branch You collected 12164 gold pieces.
You spent 2294 gold pieces at shops.
You paid 504 gold pieces to Gozag.

Inventory:

Hand Weapons
 a - a +1 flail of venom (weapon)
 F - the +10 zealot's sword {holy, *Rage rN+ EV+3}
   (You found it in the Dungeon)

   It has been blessed by the Shining One to cause great damage to the undead
   and demons.
   It affects your evasion (+3).
   It protects you from negative energy.
   It may make you go berserk in combat.
Missiles
 A - a throwing net (quivered)
Armour
 b - +2 swamp dragon scales (worn)
 c - a +0 kite shield (worn)
 m - a +0 pair of boots (worn)
 n - a +2 cloak of preservation (worn)
 t - +1 pearl dragon scales
 v - the +0 mask of the Dragon (worn) {Will+ Slay+3 SInv}
   (You bought it in a shop in the Dungeon)

   It affects your accuracy and damage with ranged weapons and melee attacks
   (+3).
   It lets you see invisible.
   It increases your willpower.
 G - a +1 pair of gloves (worn)
Jewellery
 p - a +3 ring of dexterity (right hand)
 B - a ring of protection from cold (left hand)
 C - a ring of willpower
 D - a ring of willpower
 E - a ring of fire
Wands
 l - a wand of iceblast (8)
 u - a wand of paralysis (5)
Scrolls
 g - 6 scrolls of enchant weapon
 i - 7 scrolls of enchant armour
 j - 2 scrolls of blinking
 k - 3 scrolls of amnesia
 q - 2 scrolls of fog
 r - 2 scrolls of identify
 s - 2 scrolls of fear
 y - a scroll of holy word
Potions
 d - 10 potions of heal wounds
 e - 6 potions of curing
 f - a potion of resistance
 h - 4 potions of magic
 w - a potion of haste
 x - 2 potions of might
 z - 3 potions of mutation


   Skills:
 + Level 19.7 Fighting
 + Level 19.3 Maces & Flails
 + Level 17.2 Armour
 + Level 8.8 Dodging
 + Level 6.4 Stealth
 + Level 20.3 Shields
 + Level 3.2 Evocations


You had 12 spell levels left.
You didn't know any spells.
Your spell library was empty.

Dungeon Overview and Level Annotations

Branches:
Dungeon (1/1)

Altars:
Cheibriados
Dithmenos
Elyvilon
Fedhas
Gozag
Hepliaklqana
Kikubaaqudgha
Makhleb
Nemelex Xobeh
Okawaru
Qazlal
Ru
Sif Muna
Trog
Uskayaw
Vehumet
Wu Jian
Xom
Yredelemnul
Zin
The Shining One
Beogh
Jiyva
Lugonu

Shops:
D [?![


Innate Abilities, Weirdness & Mutations

You have a pair of horns on your head.
You reflexively headbutt those who attack you in melee.


Message History

The anaconda bites you but does no damage.
The anaconda constricts you.
Unknown command.
You sock the anaconda!
The anaconda looks as sick as possible!
The anaconda is severely wounded.
You block the anaconda's attack.
* * * LOW HITPOINT WARNING * * *
The anaconda constricts you. The anaconda barely misses you.
* * * LOW HITPOINT WARNING * * *
The anaconda constricts you.
Unknown command.
You sock the anaconda!
The anaconda looks as sick as possible!
The anaconda is almost dead.
You block the anaconda's attack.
* * * LOW HITPOINT WARNING * * *
The anaconda constricts you.
You miss the anaconda.
The anaconda is almost dead.
The black mamba is no longer distracted by gold.
The anaconda bites you but does no damage.
The anaconda constricts you.
Unknown command.
You barely miss the anaconda.
You headbutt the anaconda, but do no damage.
The anaconda is almost dead.
You block the anaconda's attack. The anaconda constricts you.
The black mamba becomes distracted by the nearby gold, dreaming of imaginary riches.
The black mamba hisses angrily.
You hit the anaconda but do no damage.
The anaconda is almost dead.
You block the anaconda's attack.
* * * LOW HITPOINT WARNING * * *
The anaconda constricts you. The anaconda bites you!
* * * LOW HITPOINT WARNING * * *
x2 The anaconda constricts you.
You barely miss the anaconda.
The anaconda is almost dead.
The anaconda bites you!
You die...
Your body crumbles into a pile of gold.

)'.......)))))'.....).))))))'....
▓▓▓▓▓▓▓▓▓▓▓▓▓▓▓▓▓▓▓▓▓▓▓▓▓▓▓▓▓▓▓▓▓
...............).................
▓▓▓▓▓▓▓▓▓▓▓▓▓▓▓▓▓▓▓▓▓▓▓▓▓▓▓▓▓▓▓▓▓
..........[[[[.[[[.))).)))).....'
▓▓▓▓▓▓▓▓▓▓▓▓▓▓▓▓▓▓▓▓▓▓▓▓▓▓▓▓▓▓▓▓▓
....=)...........................
▓▓▓▓▓▓▓▓▓▓▓▓▓▓▓▓▓▓▓▓▓▓▓▓▓▓▓▓▓▓▓▓▓
...SSSS@.........'......
▓▓▓▓▓▓▓▓▓▓▓▓▓▓▓▓▓▓▓▓▓▓▓▓


You could see an anaconda (extremely poisoned) and 3 black mambas.

Vanquished Creatures
  A ghost moth (D)
  2 stone giants (D)
  Azrael (D)
  A dire elephant (D)
  A spark wasp (D)
  A salamander tyrant (D)
  2 fire dragons (D)
  3 boulder beetles (D)
  Harold (D)
  2 centaur warriors (D)
  A two-headed ogre (D)
  A tengu warrior (D)
  A shock serpent (D)
  A naga sharpshooter (D)
  An orc knight (D)
  A wizard (D)
  A wolf spider (D)
  4 orc sorcerers (D)
  3 ugly things (D)
  A cyclops (D)
  Maurice (D)
  8 elephants (D)
  4 black mambas (D)
  A cane toad (D)
  A freezing wraith (D)
  3 komodo dragons (D)
  A rime drake (D)
  A tengu conjurer (D)
  A demonic crawler (D)
  An efreet (D)
  A troll (D)
  A blink frog (D)
  4 redbacks (D)
  A vampire (D)
  A wyvern (D)
  A basilisk (D)
  2 fire elementals (D)
  4 yaks (D)
  3 hell hounds (D)
  2 water moccasins (D)
  11 orc warriors (D)
  2 centaurs (D)
  A wolf (D)
  A phantom (D)
  2 bullfrogs (D)
  A howler monkey (D)
  A hound (D)
  5 orc priests (D)
  14 orc wizards (D)
  4 orcs (D)
  A bat skeleton (D)
  3 endoplasms (D)
  A goblin (D)
  A jackal (D)
  A bat (D)
121 creatures vanquished.

Vanquished Creatures (others)
  An unseen horror (D)
  A troll (D)
2 creatures vanquished.

Grand Total: 123 creatures vanquished

Notes
Turn   | Place    | Note
-------+----------+-------------------------------------------
     0 | D        | mhtbhm the Minotaur Fighter began the quest for the Orb.
     0 | D        | Reached XP level 1. HP: 19/19 MP: 0/0
     9 | D        | Reached skill level 4 in Shields
   127 | D        | Noticed a hound
   127 | D        | Noticed a phantom
   127 | D        | Noticed a centaur
   131 | D        | Killed a centaur
   132 | D        | Reached skill level 5 in Maces & Flails
   132 | D        | Reached skill level 6 in Shields
   132 | D        | Reached XP level 2. HP: 18/31 MP: 1/1
   132 | D        | Reached XP level 3. HP: 23/38 MP: 2/2
   132 | D        | Reached XP level 4. HP: 27/45 MP: 3/3
   134 | D        | Killed a phantom
   135 | D        | Reached skill level 7 in Shields
   135 | D        | Reached XP level 5. HP: 32/52 MP: 4/4
   147 | D        | Found a snail-covered altar of Cheibriados.
   147 | D        | Found a shadowy altar of Dithmenos.
   147 | D        | Found a white marble altar of Elyvilon.
   147 | D        | Found a blossoming altar of Fedhas.
   147 | D        | Found an opulent altar of Gozag.
   148 | D        | Found a hazy altar of Hepliaklqana.
   149 | D        | Found a viscous altar of Jiyva.
   150 | D        | Found an ancient bone altar of Kikubaaqudgha.
   151 | D        | Found a corrupted altar of Lugonu.
   152 | D        | Found a burning altar of Makhleb.
   153 | D        | Found a sparkling altar of Nemelex Xobeh.
   154 | D        | Found an iron altar of Okawaru.
   155 | D        | Found a stormy altar of Qazlal.
   156 | D        | Found a sacrificial altar of Ru.
   159 | D        | Became a worshipper of Gozag Ym Sagoz the Greedy
   162 | D        | Found a shimmering blue altar of Sif Muna.
   163 | D        | Found a bloodstained altar of Trog.
   164 | D        | Found a hide-covered altar of Uskayaw.
   165 | D        | Found a radiant altar of Vehumet.
   166 | D        | Found an ornate altar of the Wu Jian Council.
   167 | D        | Found a shimmering altar of Xom.
   168 | D        | Found a basalt altar of Yredelemnul.
   169 | D        | Found a glowing silver altar of Zin.
   170 | D        | Found a glowing golden altar of the Shining One.
   307 | D        | Noticed a centaur
   307 | D        | Noticed a yak
   307 | D        | Noticed a two-headed ogre
   307 | D        | Noticed a troll
   311 | D        | Killed a troll
   312 | D        | Reached skill level 1 in Dodging
   312 | D        | Reached skill level 9 in Shields
   312 | D        | Reached XP level 6. HP: 55/63 MP: 5/5
   315 | D        | Killed a two-headed ogre
   316 | D        | Reached skill level 10 in Armour
   316 | D        | Reached skill level 10 in Shields
   316 | D        | Reached XP level 7. HP: 31/74 MP: 6/6
   316 | D        | Reached XP level 8. HP: 34/82 MP: 7/7
   326 | D        | Killed an unseen horror
   327 | D        | Reached skill level 11 in Shields
   628 | D        | Noticed a centaur warrior
   628 | D        | Noticed a troll
   628 | D        | Noticed an efreet
   646 | D        | Killed an efreet
   650 | D        | Killed a troll
   662 | D        | Killed a centaur warrior
   663 | D        | Reached skill level 1 in Stealth
   663 | D        | Reached XP level 9. HP: 17/92 MP: 8/8
   680 | D        | Reached skill level 12 in Shields
  1175 | D        | Noticed a rime drake
  1175 | D        | Noticed a komodo dragon
  1175 | D        | Noticed a black mamba
  1178 | D        | Noticed a komodo dragon
  1186 | D        | Killed a black mamba
  1199 | D        | Killed a komodo dragon
  1349 | D        | Killed a rime drake
  1350 | D        | Reached skill level 15 in Maces & Flails
  1355 | D        | Killed a komodo dragon
  1356 | D        | Reached XP level 10. HP: 93/101 MP: 9/9
  1450 | D        | Noticed an elephant
  1450 | D        | Noticed a cane toad
  1454 | D        | Killed a cane toad
  1455 | D        | Reached skill level 13 in Shields
  1463 | D        | Noticed a black mamba
  1484 | D        | Killed an elephant
  1498 | D        | Killed a black mamba
  1579 | D        | Noticed a dire elephant
  1579 | D        | Noticed an elephant
  1579 | D        | Noticed an elephant
  1579 | D        | Noticed an elephant
  1579 | D        | Noticed an elephant
  1579 | D        | Noticed an elephant
  1591 | D        | Killed an elephant
  1592 | D        | Reached skill level 14 in Shields
  1602 | D        | Killed an elephant
  1609 | D        | Noticed an elephant
  1614 | D        | Noticed an elephant
  1621 | D        | Killed a dire elephant
  1630 | D        | Killed an elephant
  1631 | D        | Reached skill level 15 in Armour
  1631 | D        | Reached skill level 15 in Shields
  1631 | D        | Reached XP level 11. HP: 62/111 MP: 10/10
  1639 | D        | Reached skill level 15 in Fighting
  2063 | D        | Noticed Maurice
  2078 | D        | Killed Maurice
  2184 | D        | Reached skill level 16 in Shields
  2324 | D        | Noticed an orc knight
  2337 | D        | Killed an orc knight
  2352 | D        | Reached skill level 1 in Evocations
  2548 | D        | Found Zaifocs's Antique Armour Boutique.
  2550 | D        | Noticed an orc sorcerer
  2563 | D        | Found Naothr Baoz's Distillery.
  2568 | D        | Killed an orc sorcerer
  2656 | D        | Found Diara's Magic Scroll Boutique.
  2660 | D        | Found Dulam's Armour Shop.
  2663 | D        | Noticed an orc sorcerer
  2664 | D        | Noticed an orc sorcerer
  2665 | D        | Noticed an orc sorcerer
  2667 | D        | Paralysed by an orc sorcerer for 3 turns
  2675 | D        | Killed an orc sorcerer
  2686 | D        | Killed an orc sorcerer
  2688 | D        | Killed an orc sorcerer
  2711 | D        | Bought the +0 mask of the Dragon {Will+ Slay+3 SInv} for
                  | 734 gold pieces
  2711 | D        | Found the +0 mask of the Dragon {Will+ Slay+3 SInv}
  2718 | D        | Bought a potion of haste for 130 gold pieces
  2718 | D        | Bought a potion of heal wounds for 65 gold pieces
  2718 | D        | Bought a potion of might for 52 gold pieces
  2718 | D        | Bought a potion of might for 52 gold pieces
  2718 | D        | Bought a potion of heal wounds for 65 gold pieces
  2718 | D        | Bought a potion of curing for 39 gold pieces
  2718 | D        | Bought a potion of mutation for 104 gold pieces
  2718 | D        | Bought a potion of mutation for 104 gold pieces
  2720 | D        | Bought a scroll of fog for 20 gold pieces
  2720 | D        | Bought a scroll of fear for 35 gold pieces
  2720 | D        | Bought a scroll of holy word for 75 gold pieces
  2720 | D        | Bought a scroll of enchant armour for 75 gold pieces
  2730 | D        | Bought +2 swamp dragon scales for 744 gold pieces
  2828 | D        | Noticed Harold
  2843 | D        | Killed Harold
  2844 | D        | Reached skill level 17 in Shields
  2901 | D        | Found the +10 zealot's sword {holy, *Rage rN+ EV+3}
  2962 | D        | Noticed a tengu warrior
  2962 | D        | Noticed a wizard
  2962 | D        | Noticed a centaur warrior
  2962 | D        | Noticed a boulder beetle
  2962 | D        | Noticed a brown ugly thing
  2969 | D        | Noticed a boulder beetle
  2969 | D        | Killed a brown ugly thing
  2980 | D        | Killed a boulder beetle
  2985 | D        | Killed a centaur warrior
  2986 | D        | Reached XP level 12. HP: 108/125 MP: 11/11
  2987 | D        | Noticed a fire dragon
  2988 | D        | Noticed a fire dragon
  3000 | D        | Killed a boulder beetle
  3001 | D        | Reached skill level 5 in Dodging
  3012 | D        | Killed a tengu warrior
  3169 | D        | Noticed a stone giant
  3172 | D        | Killed a fire dragon
  3173 | D        | Reached skill level 18 in Shields
  3184 | D        | Killed a fire dragon
  3184 | D        | Noticed a stone giant
  3510 | D        | Killed a stone giant
  3511 | D        | Reached skill level 5 in Stealth
  3523 | D        | Killed a stone giant
  3628 | D        | Noticed Azrael
  3654 | D        | Killed Azrael
  3655 | D        | Reached skill level 19 in Shields
  3820 | D        | Noticed a ghost moth
  3820 | D        | Noticed a boulder beetle
  3820 | D        | Noticed a spark wasp
  3833 | D        | Killed a spark wasp
  4044 | D        | Killed a ghost moth
  4070 | D        | Killed a boulder beetle
  4071 | D        | Reached XP level 13. HP: 130/137 MP: 3/12
  4104 | D        | Noticed a salamander tyrant
  4118 | D        | Killed a salamander tyrant
  4119 | D        | Reached skill level 20 in Shields
  4153 | D        | Slain by an anaconda

Illustrated notes

Levels and vault maps discovered:
D:        linesprint [early_d, line_temple, items_1, d_10, items_2, lair_1,
          lair_end, items_3, orc_1, orc_end, items_4, d_15, swamp_1, shoals_1,
          snake_1, spider_1, d_20, vaults_1, items_5, swamp_end, shoals_end,
          snake_end, spider_end, vaults_end, d_27, items_6, zot_1, zot_end,
          crypt_end, forest_end, elf_end, slime_end, tomb_end, abyss_end,
          pan_hell_end]

Skill      XL: |  1  2  3  4  5  6  7  8  9 10 11 12 13 |
---------------+----------------------------------------+-----
Fighting       | 6 7 9 11 12 13 14 17 19 | 19.7
Armour         | 6 7 9 10 12 13 15 16 17 | 17.2
Shields        | 6 7 9 10 11 12 15 17 19 20 | 20.3
Maces & Flails | 5 6 8 11 13 15 16 17 19 | 19.3
Dodging        | 1 2 3 4 8 |  8.8
Stealth        | 1 3 4 6 |  6.4
Evocations     | 3 |  3.2

Action                   |  1- 3 |  4- 6 |  7- 9 | 10-12 | 13-15 || total
-------------------------+-------+-------+-------+-------+-------++-------
Melee: Flail             |    12 |    16 |    92 |   459 |    53 ||   632
       Headbutt          |     2 |     6 |    25 |   143 |    11 ||   187
Invok: Potion Petition   |       |       |       |     1 |       ||     1
Evoke: Wand              |       |       |       |     8 |       ||     8
  Use: Potion            |     1 |     2 |     7 |       |       ||    10
 Stab: Invisible         |       |       |     2 |       |       ||     2
       Distracted        |       |       |     1 |     3 |     1 ||     5
       Sleeping          |       |       |       |     1 |       ||     1
Armor: Scale mail        |     7 |     1 |       |       |       ||     8
       Plate armour      |       |     2 |    38 |    63 |       ||   103
       Swamp dragon scal |       |       |       |    45 |     8 ||    53
Dodge: Dodged            |     3 |     4 |    15 |    84 |     7 ||   113
Block: Kite shield       |     5 |     7 |    29 |   201 |    30 ||   272

Table legend: (Time is in decaauts)
 A = Elapsed time spent in this place.
 B = Non-inter-level travel time spent in this place.
 C = Inter-level travel time spent in this place.
 D = Time resting spent in this place.
 E = Time spent auto-exploring this place.
 F = Levels seen in this place.
 G = Mean time per level.
                   A        B        C        D        E       F      G
               +--------+--------+--------+--------+--------+-----+--------+
         Total |   3963 |   3963 |      0 |   1953 |    857 |   1 | 3963.0 |
       Dungeon |   3963 |   3963 |      0 |   1953 |    857 |   1 | 3963.0 |
               +--------+--------+--------+--------+--------+-----+--------+

Top non-repeatable levels by time:
       D: 3963 daAuts
